Map: Automaton LE

Players

Odin - Winner!

  • Race: Protoss Protoss
  • League: Gold
  • Spawn Location: 3:00

VOD

Have the link to the VOD?

Description

Time

  • Played on: Dec. 6, 2018, 9:50 a.m.
  • Length: 43:48
Show
View Real Time Build Order
Export as new Build Order

Odin Protoss - Winner!

Build Orders:  

Get SALT Encoding   

  12  0:06  Probe (Chrono Boost)  
  13  0:24  Pylon  
  13  0:27  Probe (Chrono Boost)  
  14  0:55  Gateway  
  14  1:06  Probe (Chrono Boost)  
  14  1:09  Assimilator  
  15  1:20  Probe (Chrono Boost)  
  16  1:31  Probe (Chrono Boost)  
  16  1:34  Gateway  
  17  1:43  Probe (Chrono Boost)  
  19  2:00  Probe (Chrono Boost)  
  19  2:02  Cybernetics Core  
  19  2:08  Pylon  
  19  2:17  Probe (Chrono Boost)  
  20  2:34  Assimilator  
  20  2:36  Pylon  
  20  2:47  Probe (Chrono Boost)  
  25  3:04  Probe (Chrono Boost)  
  27  3:21  Probe (Chrono Boost)  
  27  3:32  Unknown x2  
  27  3:37  Unknown x2  
  28  3:41  Probe (Chrono Boost)  
  28  3:49  Stargate  
  29  4:00  Probe (Chrono Boost)  
  29  4:15  Unknown x2  
  29  4:16  Nexus  
  30  4:21  Probe (Chrono Boost)  
  28  4:32  Warp Gate  
  28  4:39  Unknown  
  28  4:55  Probe (Chrono Boost)  
  28  4:57  Phoenix  
  31  5:04  Stargate  
  31  5:22  Pylon  
  31  5:32  Probe (Chrono Boost)  
  32  5:49  Shield Battery  
  32  5:50  Shield Battery  
  32  5:53  Void Ray  
  32  5:54  Stalker x2  
  33  6:35  Gateway  
  33  6:42  Gateway  
  33  6:51  Stalker x2  
  35  7:19  Phoenix x2  
  34  7:32  Nexus  
  33  8:27  Probe (Chrono Boost)  
  34  8:44  Probe (Chrono Boost)  
  34  8:46  Phoenix  
  34  8:47  Phoenix  
  39  8:58  Probe (Chrono Boost)  
  40  9:03  Assimilator  
  40  9:09  Probe (Chrono Boost)  
  40  9:17  Pylon  
  41  9:21  Probe (Chrono Boost)  
  41  9:24  Phoenix  
  41  9:25  Phoenix  
  44  9:38  Probe (Chrono Boost)  
  47  9:46  Probe (Chrono Boost)  
  48  9:55  Probe (Chrono Boost)  
  49  10:01  Phoenix  
  49  10:03  Probe (Chrono Boost)  
  53  10:12  Probe (Chrono Boost), Assimilator  
  54  10:20  Probe (Chrono Boost)  
  54  10:29  Probe (Chrono Boost)  
  55  10:37  Probe (Chrono Boost)  
  56  10:42  Phoenix x2  
  56  10:45  Probe (Chrono Boost)  
  61  10:54  Probe (Chrono Boost)  
  62  11:02  Probe (Chrono Boost)  
  64  11:11  Probe (Chrono Boost)  
  64  11:19  Probe (Chrono Boost)  
  55  12:16  Phoenix x2  
  61  12:20  Probe x2 (Chrono Boost)  
  61  12:23  Twilight Council  
  61  12:26  Gateway  
  61  12:28  Gateway  
  61  12:41  Zealot  
  61  12:42  Zealot x3  
  69  12:50  Pylon  
  69  12:53  Pylon  
  69  12:55  Pylon  
  69  13:23  Phoenix x2  
  73  13:32  Shield Battery  
  73  13:35  Shield Battery  
  73  13:54  Assimilator  
  73  13:57  Nexus  
  73  14:02  Assimilator  
  71  14:57  Phoenix x2  
  75  15:01  Probe x2 (Chrono Boost)  
  75  15:17  Stalker x2  
  75  15:18  Probe (Chrono Boost), Stalker x3  
  86  15:20  Stalker  
  88  15:36  Phoenix x2  
  94  15:40  Probe (Chrono Boost)  
  94  15:41  Probe (Chrono Boost)  
  94  15:51  Pylon  
  94  15:53  Pylon  
  94  15:54  Pylon  
  94  16:00  Gateway  
  94  16:01  Gateway  
  94  16:14  Stalker  
  94  16:18  Stalker  
  98  16:27  Phoenix  
  98  16:28  Phoenix  
  102  16:32  Charge  
  98  18:03  Phoenix  
  98  18:08  Probe x2 (Chrono Boost)  
  105  18:11  Probe (Chrono Boost)  
  105  18:14  Pylon  
  105  18:19  Pylon  
  105  18:22  Pylon  
  105  18:25  Probe x2 (Chrono Boost)  
  105  18:28  Probe (Chrono Boost)  
  105  18:29  Unknown  
  108  18:33  Phoenix  
  108  18:35  Stargate x2  
  108  18:42  Probe (Chrono Boost)  
  109  18:54  Fleet Beacon  
  109  19:02  Phoenix  
  109  19:08  Zealot x3  
  109  19:09  Zealot x5  
  91  20:03  Phoenix x4  
  99  20:38  Phoenix x4  
  105  20:48  Zealot x2  
  105  20:49  Zealot x6  
  121  20:59  Pylon  
  121  21:02  Pylon  
  121  21:04  Pylon  
  121  21:17  Nexus  
  121  21:21  Anion Pulse-Crystals  
  121  21:23  Phoenix x4  
  129  21:58  Phoenix x4  
  119  23:51  Unknown  
  97  24:43  Phoenix x4  
  91  25:35  Phoenix  
  91  25:36  Phoenix x3  
  99  25:47  Zealot x5  
  99  25:48  Zealot x3  
  115  25:59  Gateway  
  115  26:01  Gateway  
  115  26:05  Gateway  
  115  26:10  Gateway  
  115  26:21  Gateway  
  115  26:25  Protoss Air Weapons Level 1, Gateway  
  115  26:26  Nexus  
  115  26:27  Gateway  
  115  26:30  Gateway  
  115  26:34  Cybernetics Core  
  115  26:47  Phoenix x3  
  115  26:48  Phoenix  
  123  27:05  Stalker  
  123  27:06  Stalker x2  
  123  27:07  Stalker x2  
  123  27:08  Stalker x2  
  123  27:09  Stalker  
  133  28:21  Phoenix x2  
  133  28:22  Phoenix x2  
  141  28:37  Forge  
  141  28:39  Forge  
  141  28:46  Forge  
  141  28:55  Stalker  
  141  28:56  Phoenix x2, Stalker x3  
  141  28:57  Phoenix x2, Stalker x2  
  161  29:00  Unknown, Protoss Air Armor Level 1  
  155  29:49  Pylon  
  155  29:52  Zealot  
  155  29:53  Zealot x5  
  155  29:54  Zealot x6  
  155  29:55  Zealot x4  
  143  30:46  Zealot x4  
  143  30:47  Zealot x9  
  143  30:48  Zealot x3  
  175  30:58  Phoenix x4  
  183  31:02  Protoss Air Weapons Level 2  
  177  32:41  Phoenix x3  
  177  32:43  Phoenix  
  185  34:57  Zealot x3  
  185  34:58  Zealot x4  
  199  35:03  Probe (Chrono Boost)  
  199  35:05  Protoss Air Armor Level 2, Protoss Air Weapons Level 3  
  200  35:35  Protoss Ground Weapons Level 1, Protoss Shields Level 1, Protoss Ground Armor Level 1  
  148  38:46  Blink, Stalker x2  
  148  38:47  Stalker x2  
  148  38:48  Stalker  
  148  38:49  Stalker x2  
  162  38:51  Stalker x2  
  162  38:52  Stalker x2  
  162  38:53  Zealot  
  162  38:54  Zealot x4  
  180  39:04  Protoss Shields Level 2, Protoss Ground Armor Level 2  
  180  39:05  Protoss Ground Weapons Level 2  
  180  39:07  Protoss Air Armor Level 3  
  176  39:42  Zealot x5  
  176  39:43  Zealot x6  
  176  39:44  Zealot  
  198  42:37  Phoenix  
Tags
 
League
Gold
Matchup
Co-op
Add a new tag
Caveats
  • Supply blocks, unpowered buildings, or Contaminate may cause inaccurate times.
  • Supply counts are checked every 10 seconds.